 Seeded DCSS version 0.27.1-2-g3b301248ec (webtiles) character file.

Game seed: 14551798346683263451 (custom seed)

19 babuloseo the Shield-Bearer (level 2, 24/24 HPs)
             Began as a Human Fighter on Oct 1, 2021.
             Quit the game on level 2 of the Dungeon.
             The game lasted 00:01:10 (476 turns).

babuloseo the Shield-Bearer (Human Fighter)          Turns: 476, Time: 00:01:11

Health: 24/24      AC:  6    Str: 16    XL:     2   Next: 95%
Magic:  2/2        EV:  7    Int:  8    God:
Gold:   38         SH:  9    Dex: 12    Spells: 1/1 levels left

rFire    . . .     SeeInvis .   a - +0 long sword
rCold    . . .     Faith    .   c - +0 kite shield
rNeg     . . .     Spirit   .   b - +0 scale mail
rPois    .         Reflect  .   (no helmet)
rElec    .         Harm     .   (no cloak)
rCorr    .         Rampage  .   (no gloves)
Will     .....                  (no boots)
Stlth    ..........             (no amulet)
HPRegen  0.08/turn              (no ring)
MPRegen  0.08/turn              (no ring)

@: no status effects
A: no striking features
a: no special abilities


You were on level 2 of the Dungeon.
You visited 1 branch of the dungeon, and saw 2 of its levels.

You collected 38 gold pieces.

Inventory:

Hand Weapons
 a - a +0 long sword (weapon)
Armour
 b - a +0 scale mail (worn)
 c - a +0 kite shield (worn)
Scrolls
 e - a scroll of acquirement
 f - a scroll of torment {unknown}
 g - a scroll of enchant armour {unknown}
 h - a scroll of identify {unknown}
Potions
 d - a potion of might


   Skills:
 + Level 3.2 Fighting
 * Level 2.5 Long Blades
 + Level 3.2 Armour
 + Level 3.2 Shields


You had one spell level left.
You didn't know any spells.
Your spell library was empty.

Dungeon Overview and Level Annotations

Branches:
Dungeon (2/15)

Altars:
Qazlal

Annotations:
D:2 1 runed translucent door


Message History

Press: ? - help, Q - select action Shift-Dir - straight line, f/p - hobgoblin
Aim: a hobgoblin (heavily wounded, 57% to hit)
You throw a javelin.
The javelin barely misses the hobgoblin.
The javelin pierces through the hobgoblin but does no damage.
The hobgoblin is heavily wounded.
The hobgoblin barely misses you.
You riposte.
You barely miss the hobgoblin.
The hobgoblin is heavily wounded.
Throw: 2 javelins
Press: ? - help, Q - select action Shift-Dir - straight line, f/p - hobgoblin
Aim: a hobgoblin (heavily wounded, 57% to hit)
You throw a javelin.
The javelin pierces through the hobgoblin but does no damage.
The hobgoblin is heavily wounded.
The javelin barely misses the hobgoblin.
The hobgoblin hits you but does no damage.
You block the hobgoblin's attack.
Unknown command.
Throw: javelin
Press: ? - help, Q - select action Shift-Dir - straight line, f/p - hobgoblin
Aim: a hobgoblin (heavily wounded, 57% to hit)
You throw a javelin.
The javelin pierces through the hobgoblin!
You kill the hobgoblin!
The javelin closely misses the hobgoblin.
The hobgoblin hits you but does no damage.
You hit the hobgoblin.
The hobgoblin is severely wounded.
The hobgoblin closely misses you.
You slash the hobgoblin!
You kill the hobgoblin!
Things that are here:
a hobgoblin corpse; a hobgoblin corpse; a hobgoblin corpse
There is an open door here.
You see here a hobgoblin corpse.
You see here a hobgoblin corpse.
There is an open door here.
e - a scroll labelled LONUMM XATILEEJ This is a scroll of acquirement!
Are you sure you want to abandon this character and quit the game? (Confirm with "yes".)

###### #.. .....# #.#
####.# ###.# ##
....... .... .# #
##..... #.##.#)#
##.#..# #.....#####
...#..# #.†..##...##
...... #.####.....#
...... #†#..#.@...#
###### #.††.'..(..#
##########.#(.#..(..#
#..........####..:.!#
(..###.)...# ##...##
#..#.......# #####
.....#....(#
#..###.....#
#.......####


There were no monsters in sight!

Vanquished Creatures
  An adder (D:2)
  5 hobgoblins (D:2)
  A quokka (D:2)
  A ball python (D:2)
  A bat (D:2)
  A rat (D:2)
10 creatures vanquished.

Notes
Turn   | Place    | Note
-------+----------+-------------------------------------------
     0 | D:1      | babuloseo the Human Fighter began the quest for the Orb.
     0 | D:1      | Reached XP level 1. HP: 18/18 MP: 1/1
     9 | D:2      | Found a stormy altar of Qazlal.
    23 | D:2      | Reached XP level 2. HP: 2/24 MP: 2/2
    24 | D:2      | HP: 1/24 [bat (1)]
   393 | D:2      | Found a runed translucent door.
   476 | D:2      | Identified a scroll of acquirement
   476 | D:2      | Quit the game

Illustrated notes

Levels and vault maps discovered:
D:1:      lemuel_arrival_river_bridge, layout_rooms
D:2:      layout_loops_cross, basic_altar, serial_shops, shop,
          minmay_goblin_kobold_house, uniq_crazy_yiuf_cottage, uniq_robin

Action                   || total
-------------------------++-------
Melee: Long sword        ||    26
Throw: Javelin           ||     8
Armor: Scale mail        ||    24
Dodge: Dodged            ||    14
Block: Kite shield       ||    28
       Rpst.: Long sword ||     3
